 Dungeon Crawl Stone Soup version 0.23-a0-310-gdcc7a32 (webtiles) character file.

364 Garbasso the Ruffian (level 6, 0/61 HPs)
             Began as an Ogre Transmuter on Oct 12, 2018.
             Was an Initiate of Okawaru.
             Succumbed to Ijyb's poison
             ... on level 3 of the Dungeon.
             The game lasted 00:15:54 (4733 turns).

Garbasso the Ruffian (Ogre Transmuter)              Turns: 4733, Time: 00:15:54

Health: 0/61       AC: -1    Str: 20    XL:     6   Next: 67%
Magic:  8/10       EV: 10    Int: 14    God:    Okawaru [......]
Gold:   145        SH:  0    Dex: 11    Spells: 1/11 levels left

rFire    . . .     SeeInvis .     - Unarmed
rCold    . . .     Gourm    .   (no shield)
rNeg     . . .     Faith    .   b - +0 robe
rPois    .         Spirit   .   (helmet restricted)
rElec    .         Reflect  .   (no cloak)
rCorr    .         Harm     .   (gloves unavailable)
MR       .....                  (boots unavailable)
Stlth    +.........             (no amulet)
HPRegen  0.20/turn              (no ring)
MPRegen  0.12/turn              (no ring)

@: mighty, lethally poisoned (0 -> -20), corroded, invisible
A: large, unfitting armour, tough skin 1
a: Renounce Religion


You were on level 3 of the Dungeon.
You worshipped Okawaru.
Okawaru was noncommittal.
You were hungry.

You visited 1 branch of the dungeon, and saw 3 of its levels.

You collected 145 gold pieces.

Inventory:

Missiles
 a - 49 arrows
 n - 5 tomahawks (quivered)
Armour
 b - a +0 robe (worn)
Jewellery
 g - an uncursed amulet of guardian spirit {unknown}
 m - a +3 ring of intelligence {unknown}
Wands
 p - a wand of random effects (8)
Scrolls
 c - a scroll of noise {unknown}
 e - 7 scrolls of identify {unknown}
 j - a scroll of magic mapping {unknown}
 k - a scroll of fog {unknown}
 q - 4 scrolls of remove curse {unknown}
Potions
 i - a potion of might
 l - a potion of heal wounds {unknown}
 o - a potion of haste
Comestibles
 d - 7 rations


   Skills:
 - Level 3.5 Fighting
 + Level 3.1 Dodging
 - Level 4.1 Unarmed Combat
 - Level 3.1 Spellcasting
 - Level 3.0 Transmutations
 * Level 1.8 Ice Magic


You had one spell level left.
You knew the following spells:

 Your Spells              Type           Power        Failure   Level  Hunger
a - Beastly Appendage     Tmut           ##....       6%          1    #......
b - Sticks to Snakes      Tmut           ##......     10%         2    ##.....
c - Spider Form           Tmut/Pois      #.........   34%         3    ###....
d - Ice Form              Ice/Tmut       #.......     61%         4    #####..

Your spell library contained the following spells:

 Spells                   Type           Power        Failure   Level  Hunger
 Blade Hands              Tmut           ##........   86%         5    ######.


Dungeon Overview and Level Annotations

Branches:
Dungeon (3/15)

Altars:
Gozag
Okawaru

Annotations:
D:3 3 runed doors, Nib's ghost, amateur CeHu


Innate Abilities, Weirdness & Mutations

You are too large for most types of armour.
You have tough skin. (AC +1)


Message History

Evoke which item? (* to show all) (? for menu, Esc to quit)
Aiming: Random Effects
Press: ? - help, Shift-Dir - straight line, f - Ijyb
Aim: Ijyb, wielding a dagger of venom, wearing a ring mail and carrying a wand Ijyb twists and deforms.
* * * LOW HITPOINT WARNING * * *
You feel very sick.
You kill Ijyb!
Okawaru accepts your kill.
Your transformation has ended.
Your +0 robe unmelds from your body.
* * * LOW HITPOINT WARNING * * *
You feel sick.
It was a potion of might.
You feel very mighty all of a sudden.
* * * LOW HITPOINT WARNING * * *
You feel sick.
It was a potion of invisibility.
You fade into invisibility!
You die...

# ############....
....>...@)...# ##
###.##.###### #. #......# .#
... ####..###.####.#### ##.
#.....# #.......... ..
#.....###.##......
#.###.....###...#
##########.#......####...
######...(.(.##..........##..#


There were no monsters in sight!

Vanquished Creatures
  2 orc priests
  2 orc wizards (D:3)
  Ijyb (D:3)
  Natasha (thrice) (D:3)
  5 adders
  An ooze (D:3)
  2 worms
  A dart slug (D:3)
  A leopard gecko (D:3)
  11 orcs
  3 ball pythons
  6 giant cockroaches
  10 goblins
  11 hobgoblins
  4 jackals (D:2)
  4 kobolds
  7 bats
  3 frilled lizards
  10 rats
87 creatures vanquished.

Vanquished Creatures (collateral kills)
  An adder (D:2)
  A ball python (D:3)
  2 bats (D:2)
  A goblin (D:2)
5 creatures vanquished.

Grand Total: 92 creatures vanquished

Notes
Turn   | Place    | Note
-------+----------+-------------------------------------------
     0 | D:1      | Garbasso the Ogre Transmuter began the quest for the Orb.
     0 | D:1      | Reached XP level 1. HP: 19/19 MP: 3/3
   223 | D:1      | Reached skill level 3 in Unarmed Combat
   223 | D:1      | Reached XP level 2. HP: 26/28 MP: 5/5
   363 | D:1      | Learned a level 2 spell: Sticks to Snakes
   911 | D:2      | Reached XP level 3. HP: 25/35 MP: 4/6
   924 | D:2      | Learned a level 3 spell: Spider Form
  1339 | D:2      | Reached XP level 4. HP: 37/42 MP: 3/7
  2777 | D:3      | Reached XP level 5. HP: 30/52 MP: 4/8
  2996 | D:3      | Noticed Natasha
  3007 | D:3      | Killed Natasha
  3210 | D:3      | Found an iron altar of Okawaru.
  3229 | D:3      | Noticed Natasha
  3231 | D:3      | Became a worshipper of Warmaster Okawaru
  3241 | D:3      | Killed Natasha
  3987 | D:2      | Reached skill level 4 in Unarmed Combat
  4359 | D:3      | Reached XP level 6. HP: 54/61 MP: 3/10
  4371 | D:3      | Learned a level 4 spell: Ice Form
  4451 | D:3      | Noticed Natasha
  4455 | D:3      | Killed Natasha
  4455 | D:3      | Reached skill level 1 in Ice Magic
  4480 | D:3      | Found an opulent altar of Gozag.
  4553 | D:3      | Found a runed gate.
  4553 | D:3      | Found a runed gate.
  4553 | D:3      | Found a runed gate.
  4557 | D:3      | Noticed Nib's ghost (amateur CeHu)
  4720 | D:3      | Noticed Ijyb
  4730 | D:3      | Killed Ijyb
  4731 | D:3      | HP: 3/61 [poisoned by Ijyb]
  4733 | D:3      | Succumbed to Ijyb's poison

Vault maps used:
D:1:      shiori_arrival_oz
D:2:      minmay_door_square
D:3:      grunt_temple_overflow_holy_war, okawaru_gym_becter, marbit_many_paths,
          ebering_ghost_rock_garden, roderic_batcave, uniq_natasha, uniq_ijyb

Skill      XL: |  1  2  3  4  5  6 |
---------------+-------------------+-----
Dodging        | 2 3 |  3.1
Unarmed Combat | 3 4 |  4.1
Transmutations | 2 3 |  3.0
Fighting       | 2 3 |  3.5
Spellcasting   | 3 |  3.1
Ice Magic      | 1 |  1.8

Action                   |  1- 3 |  4- 6 || total
-------------------------+-------+-------++-------
Melee: Unarmed           |   135 |   190 ||   325
       Kick              |     4 |     1 ||     5
       Headbutt          |     2 |     4 ||     6
       Punch             |     1 |       ||     1
Throw: Tomahawk          |       |     3 ||     3
 Cast: Beastly Appendage |    10 |     8 ||    18
       Sticks to Snakes  |     2 |    11 ||    13
       Spider Form       |     1 |    13 ||    14
 Abil: End Transformatio |       |     2 ||     2
Evoke: Wand              |       |     1 ||     1
  Use: Potion            |       |     4 ||     4
       Scroll            |       |     1 ||     1
 Stab: Sleeping          |     1 |     1 ||     2
       Distracted        |       |     1 ||     1
  Eat: Chunk             |     2 |    10 ||    12
       Ration            |       |     1 ||     1
Armor: Robe              |    52 |    26 ||    78
       Skin              |       |     3 ||     3
Dodge: Dodged            |    85 |   121 ||   206

Table legend:
 A = Non-vault XP
 B = Vault XP
 C = Vault XP percentage of total XP
 D = Non-vault monster count
 E = Vault monster count
 F = Vault count percentage of total count
                 A         B        C        D         E       F
            +---------+---------+-------+---------+---------+-------
      Total |     440 |      80 |  15.4 |      87 |       5 |   5.4
            +---------+---------+-------+---------+---------+-------
        D:1 |      27 |       4 |  12.9 |      16 |       2 |  11.1
        D:2 |     146 |       0 |   0.0 |      37 |       0 |   0.0
        D:3 |     267 |      76 |  22.2 |      34 |       3 |   8.1
            +---------+---------+-------+---------+---------+-------
